 Seeded DCSS version 0.31-a0-263-ge8cad7f (webtiles) character file.

Game seed: 5439828349659289197 (custom seed)

508 lyrin the Chopper (level 7, -1/68 HPs)
             Began as an Ogre Wanderer on July 13, 2023.
             Was a Believer of the Shining One.
             Succumbed to a killer bee's poison
             ... on level 5 of the Dungeon.
             The game lasted 00:08:10 (4660 turns).

lyrin the Chopper (Ogre Wanderer)                   Turns: 4660, Time: 00:08:10

Health: -1/68      AC:  4    Str: 19    XL:     7   Next: 18%
Magic:  13/13      EV:  9    Int: 14    God:    the Shining One [**....]
Gold:   271        SH:  0    Dex:  7    Spells: 13/14 levels left

rFire   + . .        s - +2 hand axe (heavy)
rCold   + . .        (no shield)
rNeg    + . .        d - +0 robe
rPois   +            (helmet restricted)
rElec   +            b - +0 cloak
rCorr   +            (gloves unavailable)
SInv    .            (boots unavailable)
Will    .....        (no amulet)
Stlth   +            (no ring)
HPRegen 0.31/turn    (no ring)
MPRegen 0.13/turn

%: no passive effects
@: brilliant, lethally poisoned (-1 -> -9), resistant, glowing
A: large, unfitting armour, tough skin 1
a: Renounce Religion, Divine Shield


You were on level 5 of the Dungeon.
You worshipped the Shining One.
The Shining One was pleased with you.
You visited 1 branch of the dungeon, and saw 5 of its levels.

You collected 271 gold pieces.

Inventory:

Hand Weapons
 a - a +0 war axe
 s - a +2 heavy hand axe (weapon)
Armour
 b - a +0 cloak (worn)
 d - a +0 robe (worn)
Magical Staves
 t - a staff of air
Talismans
 p - a beast talisman
Scrolls
 c - 2 scrolls of fog
 e - 2 scrolls of identify {unknown}
 g - a scroll of brand weapon {unknown}
 i - 2 scrolls of vulnerability {unknown}
 j - 2 scrolls of noise {unknown}
 k - a scroll of enchant armour {unknown}
 l - a scroll of fear {unknown}
 n - a scroll of teleportation {unknown}
 r - a scroll of amnesia {unknown}
Potions
 h - a potion of curing
 m - 2 potions of brilliance
 o - a potion of heal wounds {unknown}
 q - a potion of lignification {unknown}


   Skills:
 + Level 3.7 Fighting
 + Level 5.8 Axes
 + Level 1.0 Throwing
 + Level 2.3 Dodging
 - Level 1.0 Stealth
 + Level 4.2 Spellcasting
 * Level 3.1 Invocations


You had 13 spell levels left.
You knew the following spells:

 Your Spells              Type           Power      Damage    Failure   Level
a - Magic Dart            Conj           16%        1d3       19%         1

Your spell library contained the following spells:

 Spells                   Type           Power      Damage    Failure   Level
 Dazzling Flash           Conj/Hex       8%         N/A       50%         3
 Inner Flame              Hex/Fire       4%         N/A       50%         3
 Stone Arrow              Conj/Erth      8%         3d7       50%         3
 Volatile Blastmotes      Fire/Tloc      8%         2d10      50%         3
 Flame Wave               Conj/Fire      4%         2d5       88%         4
 Agony                    Necr           4%         N/A       99%         5
 Alistair's Intoxication  Tmut/Pois      2%         N/A       99%         5
 Silence                  Hex/Air        2%         N/A       99%         5
 Starburst                Conj/Fire      2%         6d3       100%        6
 Maxwell's Capacitive Co  Air            2%         ∞         100%        8


Dungeon Overview and Level Annotations

Branches:
Dungeon (5/15)
 Temple: D:4-7

Altars:
Hepliaklqana
Kikubaaqudgha
The Shining One

Annotations:
D:3 1 runed translucent door, aaronthemad's ghost, amateur OgWn


Innate Abilities, Weirdness & Mutations

You are too large for most types of armour.
You have tough skin. (AC +1)


Message History

You feel sick.
The killer bee stings you but does no damage.
You see here a +0 ring mail.
You feel sick.
The killer bee attacks as you move away!
The killer bee stings you.
You feel sick. The killer bee stings you!
You are more poisoned.
The killer bee poisons you!
You see here a quokka corpse.
You feel very sick.
The killer bee attacks as you move away!
The killer bee closely misses you.
You feel very sick.
The killer bee stings you but does no damage.
The killer bee stings you.
* * * LOW HITPOINT WARNING * * *
You are lethally poisoned!
The killer bee poisons you!
The killer bee stings you but does no damage.
It was a potion of brilliance.
You feel clever all of a sudden.
* * * LOW HITPOINT WARNING * * *
You feel very sick. The killer bee closely misses you.
The killer bee stings you.
* * * LOW HITPOINT WARNING * * *
You are more poisoned.
The killer bee poisons you! The killer bee barely misses you.
The killer bee stings you.
* * * LOW HITPOINT WARNING * * *
It was a potion of curing.
You feel better. The killer bee completely misses you.
The killer bee stings you.
* * * LOW HITPOINT WARNING * * *
The killer bee stings you but does no damage.
The killer bee barely misses you. The killer bee stings you.
The Shining One protects you from harm!
You are lethally poisoned!
The killer bee poisons you!
It was a potion of resistance.
You feel protected.
You die...

#.##.###.#.###.# #.. .. #.##.#
#.#.# #.+ ..# ..#
##....###.#.###.# #.# ..#
##.........#.....###.#...#
....##.#########[..#.#...#
##..##.....#.....#.#.#...##+##
#..##.###.#.###y.............
#.....# #.#.# #yyy...........
#.....###.#.###@.##.##......
#.###..........y###'##......
#.##......#.##.....<....###
##.##.##.<.#.##..........#
...#.......#.##(.........#
.................#....†.....#
.#...........##..#.####<......
.##..##.##.#........ .......
.##..##............## .....#.


You could see 5 killer bees.

Vanquished Creatures
  A bullfrog (D:5)
  A scorpion (D:5)
  2 hounds
  2 orc priests (D:3)
  A sleepcap (D:4)
  An iguana (D:4)
  An orc wizard (D:2)
  6 gnolls
  4 adders
  4 dart slugs
  9 orcs
  6 bats
  7 endoplasms
  3 giant cockroaches
  8 goblins
  5 hobgoblins
  5 quokkas
  6 ball pythons
  8 frilled lizards
  6 kobolds
  4 rats
90 creatures vanquished.

Notes
Turn   | Place    | Note
-------+----------+-------------------------------------------
     0 | D:1      | lyrin the Ogre Wanderer began the quest for the Orb.
     0 | D:1      | lyrin set off with the following items: a +0 war axe, a +0
                  | cloak, a scroll of fog, a +0 robe; and the following spell
                  | memorised: Magic Dart; and the following spells available
                  | to memorise: Stone Arrow.
     0 | D:1      | Reached XP level 1. HP: 19/19 MP: 5/5
   108 | D:1      | Got the Exposition on Baneful Phlogiston
   126 | D:1      | Reached XP level 2. HP: 27/27 MP: 7/7
   285 | D:1      | Found a faded altar of an unknown god.
   411 | D:1      | Prayed at the altar of an unknown god.
   411 | D:1      | Became a worshipper of the Shining One
   411 | D:1      | Reached * piety under the Shining One
   712 | D:2      | Reached XP level 3. HP: 19/33 MP: 8/8
   958 | D:2      | Reached skill level 1 in Invocations
  1023 | D:2      | Reached XP level 4. HP: 38/42 MP: 10/10
  1555 | D:2      | Reached skill level 4 in Axes
  1761 | D:2      | HP: 2/42 [gnoll/+0 club (8)]
  2055 | D:3      | Reached XP level 5. HP: 38/49 MP: 11/11
  2228 | D:3      | Reached ** piety under the Shining One
  2611 | D:3      | Found an ancient bone altar of Kikubaaqudgha.
  2934 | D:2      | Reached XP level 6. HP: 28/59 MP: 12/12
  3108 | D:3      | Found a runed translucent door.
  3108 | D:3      | Noticed aaronthemad's ghost (amateur OgWn)
  3147 | D:3      | Found a glowing golden altar of the Shining One.
  3272 | D:4      | Reached skill level 5 in Axes
  4003 | D:4      | Found a hazy altar of Hepliaklqana.
  4363 | D:5      | Entered Level 5 of the Dungeon
  4373 | D:5      | Reached XP level 7. HP: 29/67 MP: 13/13
  4658 | D:5      | HP: 2/68 [killer bee (6)]
  4659 | D:5      | The Shining One protects you from harm!
  4660 | D:5      | Succumbed to a killer bee's poison

Illustrated notes

Levels and vault maps discovered:
D:1:      ncdulo_lavacross, layout_loops_cross,
          hellmonk_ecumenical_altar_pennies_from_heaven, hangedman_decor_lopped,
          chequers_serial_rivers_small_a
D:2:      minmay_diamond_boxcup, layout_basic
D:3:      layout_rooms, lemuel_doored_altar, nicolae_tso_swordbearing_angel,
          gammafunk_ghost_grave
D:4:      layout_loops_ring, nzn_hepliaklqana_mist_gate, dreamdust_gnoll_farm
D:5:      layout_basic, serial_shops, nicolae_shop_overgrown_old_shop,
          minmay_misc_feat_cross, nicolae_stop_n_shop_1, corexii_corridor_pit,
          uniq_menkaure

Skill      XL: |  1  2  3  4  5  6 |
---------------+-------------------+-----
Spellcasting   | 4 |  4.2
Invocations    | 1 2 3 |  3.1
Fighting       | 2 3 |  3.7
Axes           | 4 5 |  5.8
Dodging        | 2 |  2.3
Throwing       | |  1.0
Stealth        | |  1.0

Action                     |  1- 3 |  4- 6 |  7- 9 || total
---------------------------+-------+-------+-------++-------
  Melee: War axe           |    78 |   145 |       ||   223
         Punch             |       |     2 |       ||     2
         Hand axe          |       |    10 |     7 ||    17
    Use: Potion            |       |       |     3 ||     3
   Stab: Sleeping          |     2 |       |       ||     2
 Armour: Robe              |    26 |    57 |     9 ||    92
  Dodge: Dodged            |    39 |    85 |    13 ||   137

Table legend: (Time is in decaauts)
 A = Elapsed time spent in this place.
 B = Non-inter-level travel time spent in this place.
 C = Inter-level travel time spent in this place.
 D = Time resting spent in this place.
 E = Time spent auto-exploring this place.
 F = Levels seen in this place.
 G = Mean time per level.
                   A        B        C        D        E       F      G
               +--------+--------+--------+--------+--------+-----+--------+
         Total |   4744 |   4648 |     96 |   1403 |   2289 |   5 |  948.8 |
       Dungeon |   4744 |   4648 |     96 |   1403 |   2289 |   5 |  948.8 |
               +--------+--------+--------+--------+--------+-----+--------+

Top non-repeatable levels by time:
     D:2: 1861 daAuts
     D:3: 1061 daAuts
     D:4: 939 daAuts
     D:1: 712 daAuts
     D:5: 169 daAuts
